 Dungeon Crawl Stone Soup version 0.28-a0-1412-gf95308ed99 (webtiles) character file.

Game seed: 4156466889285452797

149 flotson the Ducker (level 5, -4/40 HPs)
             Began as a Demonspawn Gladiator on Jan 7, 2022.
             Slain by Natasha (8 damage)
             ... on level 2 of the Dungeon.
             The game lasted 00:02:50 (1966 turns).

flotson the Ducker (Demonspawn Gladiator)           Turns: 1966, Time: 00:02:50

Health: -4/40      AC:  8    Str: 16    XL:     5   Next: 9%
Magic:  5/5        EV: 12    Int: 10    God:
Gold:   37         SH:  0    Dex: 14    Spells: 4/4 levels left

rFire   . . .      SeeInvis .   a - +0 war axe
rCold   . . .      Faith    .   (no shield)
rNeg    . . .      Spirit   .   b - +0 leather armour
rPois   .          Reflect  .   c - +0 helmet
rElec   .          Harm     .   (no cloak)
rCorr   +          Rampage  .   (no gloves)
Will    .....                   j - +1 pair of boots
Stlth   +.........              (no amulet)
HPRegen 0.13/turn               o - ring of resist corrosion
MPRegen 0.09/turn               (no ring)

@: slowed, very slow
A: claws 1, icy blue scales 1
a: no special abilities


You were on level 2 of the Dungeon.
You visited 1 branch of the dungeon, and saw 2 of its levels.

You collected 37 gold pieces.

Inventory:

Hand Weapons
 a - a +0 war axe (weapon)
Missiles
 d - 3 throwing nets (quivered)
Armour
 b - a +0 leather armour (worn)
 c - a +0 helmet (worn)
 j - a +1 pair of boots (worn)
Jewellery
 o - a ring of resist corrosion (left claw)
Scrolls
 f - 2 scrolls of enchant weapon {unknown}
 h - a scroll of torment {unknown}
 i - a scroll of silence {unknown}
 k - 2 scrolls of enchant armour {unknown}
 l - a scroll of noise {unknown}
 m - a scroll of summoning {unknown}
Potions
 e - a potion of curing {unknown}
 g - 2 potions of heal wounds {unknown}
 n - a potion of degeneration {unknown}


   Skills:
 + Level 2.9 Fighting
 + Level 3.3 Axes
 + Level 2.6 Throwing
 + Level 1.6 Armour
 + Level 3.3 Dodging


You had 4 spell levels left.
You didn't know any spells.
Your spell library was empty.

Dungeon Overview and Level Annotations

Branches:
Dungeon (2/15)

Altars:

Annotations:
D:2 Natasha, Sigmund


Innate Abilities, Weirdness & Mutations

You have sharp fingernails.
You are partially covered in icy blue scales. (AC +2)


Message History

You are too injured to fight recklessly!
You are too injured to fight recklessly!
You are too injured to fight recklessly!
You closely miss Natasha.
Natasha is heavily wounded.
Natasha barely misses you. Natasha misses you.
You barely miss Natasha.
Natasha is heavily wounded.
You hit the iron imp. Natasha misses you. The iron imp closely misses you.
Natasha barely misses you. The iron imp misses you.
You hit Natasha.
Natasha is severely wounded.
You barely miss the iron imp. Natasha claws you!
* * * LOW HITPOINT WARNING * * *
The iron imp barely misses you. Natasha closely misses you.
The iron imp hits you but does no damage.
You completely miss Natasha.
Natasha is severely wounded.
You hit the iron imp.
Natasha casts a spell.
The iron imp hits you.
* * * LOW HITPOINT WARNING * * *
Natasha claws you but does no damage.
You closely miss Natasha.
Natasha is severely wounded.
You closely miss the iron imp. Natasha barely misses you.
The iron imp barely misses you. Natasha barely misses you.
The iron imp hits you.
* * * LOW HITPOINT WARNING * * *
Unknown command.
You closely miss Natasha.
Natasha is severely wounded.
You hit the iron imp but do no damage. You closely miss the white imp.
Natasha claws you but does no damage.
The white imp picks up a beetle and eats it.
The white imp hits you but does no damage.
The iron imp hits you.
* * * LOW HITPOINT WARNING * * *
Natasha claws you!
You die...

.....# #...# #........
###.## #...# #.#######
#.# #..(# #.##...# #.#
##.## #......## #.# #.#
####...## ###.# #.#
#...## †...# #.####
#....† ##### ####h##.##
#...## #######
#...5@.#.# ######
#.....# #...5...## #
#.###.###.......# # #.#
#...........####### #
#.###.####............#
#...).# ###.########.#
##...## ###.###
####...## #.....#
#.......# #.....#


You could see an iron imp (summoned), Natasha and a white imp (summoned).

Vanquished Creatures
  Natasha (twice) (D:2)
  3 adders (D:2)
  A worm (D:2)
  3 dart slugs
  8 endoplasms
  7 giant cockroaches
  4 goblins
  8 hobgoblins
  4 jackals (D:1)
  7 ball pythons
  4 bats
  A frilled lizard (D:1)
  4 kobolds
  3 rats
59 creatures vanquished.

Notes
Turn   | Place    | Note
-------+----------+-------------------------------------------
     0 | D:1      | flotson the Demonspawn Gladiator began the quest for the
                  | Orb.
     0 | D:1      | Reached XP level 1. HP: 16/16 MP: 1/1
    75 | D:1      | Gained mutation: You are partially covered in icy blue
                  | scales. (AC +2) [demonic ancestry]
    75 | D:1      | Reached XP level 2. HP: 22/22 MP: 2/2
   315 | D:1      | Found a faded altar of an unknown god.
   425 | D:1      | Reached XP level 3. HP: 22/28 MP: 3/3
   639 | D:1      | Reached skill level 1 in Armour
  1057 | D:2      | Noticed Sigmund
  1151 | D:2      | Noticed Natasha
  1158 | D:2      | Killed Natasha
  1159 | D:2      | Gained mutation: You have sharp fingernails. [demonic
                  | ancestry]
  1159 | D:2      | Reached XP level 4. HP: 26/34 MP: 4/4
  1692 | D:2      | Noticed Natasha
  1698 | D:2      | Killed Natasha
  1699 | D:2      | Reached XP level 5. HP: 32/40 MP: 5/5
  1949 | D:2      | Noticed Natasha
  1966 | D:2      | Slain by Natasha

Illustrated notes

Levels and vault maps discovered:
D:1:      tarquinn_simple_flora_water_d, layout_rooms,
          hellmonk_ecumenical_altar_leap_of_faith, st_stairs_9,
          minmay_misc_feat_ornament, serial_bayou_crossing
D:2:      layout_loops_cross, uniq_sigmund, uniq_natasha

Skill      XL: |  1  2  3 |
---------------+----------+-----
Throwing       | 2 |  2.6
Dodging        | 3 |  3.3
Axes           | 3 |  3.3
Armour         | 1 |  1.6
Fighting       | |  2.9

Action                   |  1- 3 |  4- 6 || total
-------------------------+-------+-------++-------
Melee: War axe           |   100 |    60 ||   160
Armor: Leather armour    |    47 |    26 ||    73
Dodge: Dodged            |    56 |    38 ||    94

Table legend: (Time is in decaauts)
 A = Elapsed time spent in this place.
 B = Non-inter-level travel time spent in this place.
 C = Inter-level travel time spent in this place.
 D = Time resting spent in this place.
 E = Time spent auto-exploring this place.
 F = Levels seen in this place.
 G = Mean time per level.
                   A        B        C        D        E       F      G
               +--------+--------+--------+--------+--------+-----+--------+
         Total |   2038 |   1960 |     78 |     58 |   1473 |   2 | 1019.0 |
       Dungeon |   2038 |   1960 |     78 |     58 |   1473 |   2 | 1019.0 |
               +--------+--------+--------+--------+--------+-----+--------+

Top non-repeatable levels by time:
     D:2: 1053 daAuts
     D:1: 984 daAuts
